 Dungeon Crawl Stone Soup version 0.30.0-29-ga12c61a403 (webtiles) character file.

Game seed: 12713587910600628677

96 qw the Chopper (level 4, -2/28 HPs)
             Began as a Gargoyle Fighter on June 5, 2023.
             Slain by a cerulean imp
             ... wielding a +2 spear
             ... summoned by Natasha
              (4 damage)
             ... on level 3 of the Dungeon.
             The game lasted 00:00:56 (1807 turns).

qw the Chopper (Gargoyle Fighter)                   Turns: 1807, Time: 00:00:56

Health: -2/28      AC: 12    Str: 21    XL:     4   Next: 67%
Magic:  4/4        EV:  9    Int:  9    God:
Gold:   104        SH:  4    Dex:  9    Spells: 3/3 levels left

rFire   . . .        Y - +0 war axe
rCold   . . .        c - +0 buckler
rNeg    + . .        b - +0 scale mail
rPois   inf          g - +1 helmet
rElec   +            (no cloak)
rCorr   .            (no gloves)
SInv    .            (no boots)
Will    .....        (no amulet) Stlth
                     (no ring)
HPRegen 0.24/turn    (no ring)
MPRegen 0.09/turn

%: no passive effects
@: slowed, very slow
A: sickness immunity, AC +3, negative energy resistance 1, electricity
resistance, torment resistance 1, petrification resistance
a: no special abilities


You were on level 3 of the Dungeon.
You visited 1 branch of the dungeon, and saw 3 of its levels.

You collected 104 gold pieces.


Innate Abilities, Weirdness & Mutations

You are immune to sickness and miasma.
Your stone body is resilient. (AC +3)
You are immune to poison.
You resist negative energy. (rN+)
You are resistant to electric shocks. (rElec)
You are resistant to unholy torment.
You are immune to petrification.


   Skills:
 - Level 3.2 Fighting
 + Level 4.3 Axes
 - Level 3.2 Armour
 - Level 3.2 Shields


You had 3 spell levels left.
You didn't know any spells.
Your spell library was empty.

Inventory:

Hand Weapons
 e - a +0 club
 Y - a +0 war axe (weapon)
Armour
 b - a +0 scale mail (worn)
 c - a +0 buckler (worn)
 g - a +1 helmet (worn)
Scrolls
 a - 3 scrolls of identify
Potions
 d - a potion of might
 f - a potion of haste {unknown}
 j - a potion of curing {unknown}

Dungeon Overview and Level Annotations

Branches:
Dungeon (3/15)

Altars:

Annotations:
D:3 Natasha


Message History

Natasha is severely wounded.
You block the cerulean imp's attack. Natasha casts a spell at you.
The magic dart hits you.
The cerulean imp hits you from afar with a +2 spear.
You block the cerulean imp's attack. Natasha barely misses you.
The cerulean imp barely misses you.
You barely miss Natasha.
Natasha is severely wounded.
The cerulean imp hits you from afar with a +2 spear.
Natasha closely misses you. The cerulean imp barely misses you. x2
Natasha mumbles some strange words.
The cerulean imp hits you from afar with a +2 spear.
You closely miss Natasha.
Natasha is severely wounded.
You closely miss the cerulean imp.
The cerulean imp disappears in a puff of smoke!
Natasha barely misses you.
The cerulean imp hits you but does no damage.
The cerulean imp barely misses you. Natasha claws you!
The cerulean imp barely misses you.
You closely miss Natasha.
Natasha is severely wounded.
You hit the cerulean imp but do no damage.
The cerulean imp hits you but does no damage.
Natasha casts a spell at you.
The magic dart hits you but does no damage.
You block the cerulean imp's attack.
The cerulean imp hits you with a +0 spear.
Natasha barely misses you.
The cerulean imp hits you but does no damage.
You closely miss Natasha.
Natasha is severely wounded.
You hit the cerulean imp but do no damage.
The cerulean imp hits you but does no damage.
Natasha barely misses you.
The cerulean imp hits you from afar with a +2 spear.
The cerulean imp barely misses you. You block Natasha's attack.
The cerulean imp hits you from afar with a +2 spear.
You die...

..... h.... ..K...
......
.##.#######......
........@h.......
###.....5)5......
#######.#####.##
...............#
#######.#####.##
#.# #.# #.#
#.######## ###.#
#........#
#...#####.######.#


You could see Natasha and 2 cerulean imps.

Vanquished Creatures
  Terence (D:2)
  2 adders
  A worm (D:2)
  2 dart slugs
  6 ball pythons
  3 endoplasms
  A giant cockroach (D:1)
  2 goblins (D:1)
  4 hobgoblins
  6 kobolds
  3 quokkas
  6 bats
  6 frilled lizards
  4 rats
47 creatures vanquished.

Notes
Turn   | Place    | Note
-------+----------+-------------------------------------------
     0 | D:1      | qw the Gargoyle Fighter began the quest for the Orb.
     0 | D:1      | Reached XP level 1. HP: 14/14 MP: 1/1
     0 | D:1      | 0 ||| qw: Version: 0.2-a-108-gee2c290
     0 | D:1      | 0 ||| qw: Game counter: 1430
     0 | D:1      | 0 ||| qw: Always use a shield: true
     0 | D:1      | 0 ||| qw: God list: Okawaru
     0 | D:1      | 0 ||| qw: Allow faded altars: false
     0 | D:1      | 0 ||| qw: Do Orc after D:15 true
     0 | D:1      | 0 ||| qw: Do second Lair branch before Depths: true
     0 | D:1      | 0 ||| qw: Lair rune preference: random
     0 | D:1      | 0 ||| qw: Plans: Normal, Zot:1-4, Slime:5, God:TSO, Crypt,
                  | Tomb, Abyss, Pan, Hells, Win
     0 | D:1      | 0 ||| PLANNING D:1-11
   174 | D:1      | Reached skill level 2 in Axes
   242 | D:1      | Reached XP level 2. HP: 17/19 MP: 2/2
   394 | D:1      | 394 ||| Stepping ~*~*~tactically~*~*~ (hiding).
   496 | D:1      | 496 ||| Stepping ~*~*~tactically~*~*~ (stealth).
   497 | D:1      | 497 ||| Stepping ~*~*~tactically~*~*~ (stealth).
   531 | D:1      | Reached skill level 3 in Axes
   572 | D:1      | 572 ||| READING scroll labelled RYTOEMANID.
   573 | D:1      | 573 ||| READING scroll labelled ULAEBEITZA.
   674 | D:1      | 674 ||| READING scroll labelled FEPING OFREEM.
   675 | D:1      | 675 ||| READING scroll labelled XEQAG XUCKYNN.
   715 | D:2      | Reached XP level 3. HP: 23/23 MP: 3/3
   715 | D:2      | 715 ||| Stepping ~*~*~tactically~*~*~ (stealth).
   716 | D:2      | 716 ||| Stepping ~*~*~tactically~*~*~ (stealth).
   825 | D:2      | Noticed Terence
   840 | D:2      | Killed Terence
   958 | D:2      | Reached XP level 4. HP: 26/28 MP: 4/4
   998 | D:2      | 998 ||| Stepping ~*~*~tactically~*~*~ (stealth).
   999 | D:2      | 999 ||| Stepping ~*~*~tactically~*~*~ (stealth).
  1001 | D:2      | 1001 ||| Stepping ~*~*~tactically~*~*~ (stealth).
  1011 | D:2      | 1011 ||| Stepping ~*~*~tactically~*~*~ (stealth).
  1070 | D:2      | Reached skill level 4 in Axes
  1490 | D:2      | 1490 ||| Stepping ~*~*~tactically~*~*~ (stealth).
  1542 | D:2      | 1542 ||| UPGRADING to +1 helmet.
  1547 | D:2      | 1547 ||| READING 3 scrolls labelled YWU COOSYGG.
  1548 | D:2      | 1548 ||| READING scroll labelled HISUULIWAREI.
  1549 | D:2      | 1549 ||| READING 2 scrolls of identify.
  1549 | D:2      | 1549 ||| IDENTIFYING bubbling yellow potion
  1550 | D:2      | 1550 ||| DROPPING potion of degeneration.
  1602 | D:3      | 1602 ||| STAIRDANCE
  1674 | D:3      | 1674 ||| Stepping ~*~*~tactically~*~*~ (hiding).
  1710 | D:3      | 1710 ||| Stepping ~*~*~tactically~*~*~ (stealth).
  1791 | D:3      | Noticed Natasha
  1792 | D:3      | 1792 ||| Stepping ~*~*~tactically~*~*~ (hiding).
  1794 | D:3      | 1794 ||| Stepping ~*~*~tactically~*~*~ (hiding).
  1805 | D:3      | HP: 7/28 [Natasha (7)]
  1807 | D:3      | HP: 2/28 [cerulean imp/+2 spear[Natasha] (3)]
  1807 | D:3      | Slain by a cerulean imp

Levels and vault maps discovered:
D:1:      dpeg_arrival_round_a, layout_basic, minmay_box_of_dots
D:2:      layout_basic, minmay_fractal_squares_gapless_5, uniq_terence
D:3:      layout_loops_ring, uniq_natasha

Skill      XL: |  1  2  3  4 |
---------------+-------------+-----
Axes           | 2 3 4 |  4.3
Fighting       | |  3.2
Armour         | |  3.2
Shields        | |  3.2

Action                     |  1- 3 |  4- 6 || total
---------------------------+-------+-------++-------
  Melee: War axe           |    65 |    89 ||   154
    Use: Scroll            |     4 |     3 ||     7
 Armour: Scale mail        |    26 |    54 ||    80
  Dodge: Dodged            |    27 |    60 ||    87
  Block: Buckler           |    16 |    19 ||    35

Table legend:
 A = Non-vault XP
 B = Vault XP
 C = Vault XP percentage of total XP
 D = Non-vault monster count
 E = Vault monster count
 F = Vault count percentage of total count
                 A         B        C        D         E       F
            +---------+---------+-------+---------+---------+-------
      Total |      92 |      46 |  33.3 |      40 |       7 |  14.9
            +---------+---------+-------+---------+---------+-------
        D:1 |      32 |       0 |   0.0 |      17 |       0 |   0.0
        D:2 |      41 |      46 |  52.9 |      18 |       7 |  28.0
        D:3 |      19 |       0 |   0.0 |       5 |       0 |   0.0
            +---------+---------+-------+---------+---------+-------
